 Dungeon Sprint DCSS version 0.29-a0-97-g88c9fad16d (webtiles) character file.

Game seed: 17965532188544486311

52206 mhtbhm the Shatterer (level 14, -1/107 HPs)
             Began as a Gargoyle Fighter on Feb 13, 2022.
             Was an Initiate of Gozag.
             Slain by a spark wasp (4 damage)
             ... in the Dungeon (Sprint IX: "|||||||||||||||||||||||||||||").
             The game lasted 00:16:56 (6329 turns).

mhtbhm the Shatterer (Gargoyle Fighter)             Turns: 6329, Time: 00:16:57

Health: -1/107     AC: 47    Str: 24    XL:     14   Next: 63%
Magic:  14/14      EV: 10    Int: 23    God:    Gozag
Gold:   5955       SH: 19    Dex:  5    Spells: 13/13 levels left

rFire   + . .      SeeInvis +   a - +2 morningstar (vorpal)
rCold   + . .      Faith    .   c - +1 tower shield
rNeg    + . .      Spirit   .   b - +7 plate armour of the Comet {rCorr Int+5 Dex-4}
rPois   ∞          Reflect  .   e - +2 helmet {SInv}
rElec   +          Harm     .   s - +0 cloak
rCorr   +          Rampage  .   m - +1 pair of gloves
Will    +....      NoTele   +   C - +1 pair of boots of the Arcane {Int+8 Stlth+}
Stlth   ++........              (no amulet)
HPRegen 0.27/turn               o - +2 ring of evasion
MPRegen 0.14/turn               p - +2 ring of protection

@: resistant, gold aura, on berserk cooldown, flying, hasted, very quick
A: sickness immunity, AC +10, big wings, negative energy resistance 1,
electricity resistance, torment resistance 1, petrification resistance
a: Renounce Religion, Potion Petition, Call Merchant, Bribe Branch


You were in the Dungeon.
You worshipped Gozag.
Gozag was greatly pleased with you.
You visited 1 branch You collected 15593 gold pieces.
You spent 2854 gold pieces at shops.
You paid 6784 gold pieces to Gozag.

Inventory:

Hand Weapons
 a - a +2 vorpal morningstar (weapon)
Missiles
 t - 2 throwing nets (quivered)
Armour
 b - the +7 plate armour of the Comet (worn) {rCorr Int+5 Dex-4}
   (You bought it in a shop in the Dungeon)

   Int:       It affects your intelligence (+5).
   Dex:       It affects your dexterity (-4).
   rCorr:     It protects you from acid and corrosion.
 c - a +1 tower shield (worn)
 e - a +2 helmet of see invisible (worn)
 m - a +1 pair of gloves (worn)
 s - a +0 cloak (worn)
 C - the +1 pair of boots of the Arcane (worn) {Int+8 Stlth+}
   (You bought it in a shop in the Dungeon)

   Int:       It affects your intelligence (+8).
   Stlth:     It makes you more stealthy.
Jewellery
 o - a +2 ring of evasion (left hand)
 p - a +2 ring of protection (right hand)
 x - a ring of fire
 y - a ring of willpower
 z - a ring of fire
 A - a ring of see invisible
Wands
 u - a wand of polymorph (9)
Scrolls
 j - a scroll of blinking
 k - 2 scrolls of amnesia
 l - 3 scrolls of identify
 r - 5 scrolls of enchant armour
 v - a scroll of summoning
 w - 2 scrolls of immolation
 B - a scroll of fog
Potions
 f - 3 potions of brilliance
 g - a potion of haste
 h - 4 potions of magic
 i - 5 potions of curing
Miscellaneous
 d - a tin of tremorstones (2/2)


   Skills:
 + Level 19.7 Fighting
 + Level 21.1 Maces & Flails
 + Level 1.5 Throwing
 + Level 15.8 Armour
 + Level 11.0 Dodging
 + Level 14.2 Stealth
 + Level 19.6 Shields
 + Level 4.5 Unarmed Combat
 + Level 8.2 Evocations


You had 13 spell levels left.
You didn't know any spells.
Your spell library contained the following spells:

 Spells                   Type           Power      Damage    Failure   Level
 Static Discharge         Conj/Air       0%         N/A       98%         2
 Dispel Undead            Necr           0%         3d6       100%        4
 Sticky Flame             Conj/Fire      0%         2d3       100%        4


Dungeon Overview and Level Annotations

Branches:
Dungeon (1/1)

Altars:
Cheibriados
Dithmenos
Elyvilon
Fedhas
Gozag
Hepliaklqana
Kikubaaqudgha
Makhleb
Nemelex Xobeh
Okawaru
Qazlal
Ru
Sif Muna
Trog
Uskayaw
Vehumet
Wu Jian
Xom
Yredelemnul
Zin
The Shining One
Beogh
Jiyva
Lugonu

Shops:
D (?*[*[*(


Innate Abilities, Weirdness & Mutations

You are immune to sickness and miasma.
Your stone body is resilient. (AC +10)
You are immune to poison.
Your large and strong wings let you fly.
You resist negative energy. (rN+)
You are resistant to electric shocks. (rElec)
You are resistant to unholy torment.
You are immune to petrification.


Message History

You block the spark wasp's attack.
The ice dragon bites you but does no damage.
You block the ice dragon's attack.
The ice dragon tramples you but does no damage.
You block the spark wasp's attack.
Unknown command.
You puncture the ice dragon!
The ice dragon is severely wounded.
The spark wasp closely misses you.
You puncture the ice dragon!
The ice dragon is almost dead.
You block the ice dragon's attack. x3
Unknown command.
You closely miss the ice dragon.
The ice dragon is almost dead.
The spark wasp stings you but does no damage.
You closely miss the ice dragon.
The ice dragon is almost dead.
You block the spark wasp's attack. The ice dragon closely misses you.
The ice dragon barely misses you.
The ice dragon tramples you but does no damage.
Unknown command.
You puncture the ice dragon!
You kill the ice dragon!
The spark wasp stings you!
* * * LOW HITPOINT WARNING * * *
The spark wasp shocks you. You resist.
* * * LOW HITPOINT WARNING * * *
You see here 189 gold pieces.
Unknown command.
You puncture the spark wasp!
The spark wasp is moderately wounded.
You block the spark wasp's attack.
You hit the spark wasp.
The spark wasp is heavily wounded.
The spark wasp stings you!
* * * LOW HITPOINT WARNING * * *
The spark wasp shocks you. You resist.
You die...
Your body crumbles into a pile of gold.

,,,,,,,,,,,,,,,,,,,,,,,,,,,,,,,,,
*********************************
,,,,,,,,,,,,,,,,,,,,,,+,,,,,,,,,,
*********************************
,,,,,,,,,,,,,,,,,,,,,,,,,,,,,,,,,
********▓▓▓▓▓▓▓▓▓▓▓▓▓▓▓▓▓▓▓▓▓▓▓▓▓
,,,,,,,,QiQ.$..D$u...............
▓▓▓▓▓▓▓▓▓▓▓▓▓▓▓▓▓▓▓▓▓▓▓▓▓▓▓▓▓▓▓▓▓
............)..y@.........D......
▓▓▓▓▓▓▓▓▓▓▓▓▓▓▓▓▓▓▓▓▓▓▓▓▓▓▓▓▓▓▓▓▓
.∩.......'..).)).))'.............
▓▓▓▓▓▓▓▓▓▓▓▓▓▓▓▓▓▓▓▓▓▓▓▓▓▓▓▓▓▓▓▓▓
............)....................
▓▓▓▓▓▓▓▓▓▓▓▓▓▓▓▓▓▓▓▓▓▓▓▓▓▓▓▓▓▓▓▓▓
...[[[[[[[[.)))))))).....'.......
▓▓▓▓▓▓▓▓▓▓▓▓▓▓▓▓▓▓▓▓▓▓▓▓▓▓▓▓▓▓▓▓▓
...∩∩.......[...........)........


You could see a spark wasp.

Vanquished Creatures
  Rupert (D)
  A lich (D)
  A tengu reaver (D)
  A fire giant (D)
  3 frost giants (D)
  A ghost moth (D)
  A very ugly thing (D)
  Nessos (D)
  A bunyip (D)
  4 eleionomae (D)
  A spark wasp (D)
  Snorg (D)
  A fire dragon (D)
  2 great orbs of eyes (D)
  An ettin (D)
  Josephine (D)
  Harold (D)
  2 ice dragons (D)
  A jorogumo (D)
  2 boulder beetles (D)
  A rakshasa (D)
  2 ogre magi (D)
  3 hydras (D)
  6 two-headed ogres (D)
  An alligator snapping turtle (D)
  A merfolk aquamancer (D)
  A spriggan air mage (D)
  An anaconda (D)
  3 tengu warriors (D)
  2 alligators (D)
  A spriggan berserker (D)
  A shock serpent (D)
  A naga sharpshooter (D)
  A glowing orange brain (D)
  A sea snake (D)
  2 pharaoh ants (D)
  A naga ritualist (D)
  A steelbarb worm (D)
  A swamp dragon (D)
  A deep elf pyromancer (D)
  An orc knight (D)
  An ugly thing (D)
  A cyclops (D)
  A will-o-the-wisp (D)
  2 elephants (D)
  A merfolk siren (D)
  3 naga magi (D)
  2 water nymphs (D)
  2 black mambas (D)
  A torpor snail (D)
  4 cane toads (D)
  A demonic crawler (D)
  A rime drake (D)
  A komodo dragon (D)
  An efreet (D)
  A tengu conjurer (D)
  A meliai (D)
  A polar bear (D)
  2 merfolk (D)
  A blink frog (D)
  A tyrant leech (D)
  A basilisk (D)
  4 wraiths (D)
  Eustachio (D)
  2 yaks (D)
  3 wyverns (D)
  Grum (D)
  4 vampire mosquitoes (D)
  A naga (D)
  An acid dragon (D)
  11 orc warriors (D)
  8 ogres (D)
  5 wolves (D)
  2 bullfrogs (D)
  A killer bee (D)
  A howler monkey (D)
  A hound (D)
  3 orc priests (D)
  4 orc wizards (D)
  An adder (D)
  A white imp (D)
  An adder simulacrum (D)
  7 orcs (D)
  A bat zombie (D)
  2 hobgoblins (D)
  2 kobolds (D)
  A quokka (D)
  A ball python zombie (D)
  A jackal zombie (D)
  A rat (D)
163 creatures vanquished.

Notes
Turn   | Place    | Note
-------+----------+-------------------------------------------
     0 | D        | mhtbhm the Gargoyle Fighter began the quest for the Orb.
     0 | D        | Reached XP level 1. HP: 14/14 MP: 1/1
   152 | D        | Noticed a hound
   158 | D        | Reached XP level 2. HP: 11/20 MP: 2/2
   165 | D        | Reached skill level 5 in Fighting
   165 | D        | Reached skill level 3 in Maces & Flails
   165 | D        | Reached skill level 5 in Armour
   165 | D        | Reached XP level 3. HP: 4/26 MP: 3/3
   169 | D        | Reached skill level 5 in Shields
   328 | D        | Found a snail-covered altar of Cheibriados.
   328 | D        | Found a shadowy altar of Dithmenos.
   328 | D        | Found a white marble altar of Elyvilon.
   328 | D        | Found a blossoming altar of Fedhas.
   328 | D        | Found an opulent altar of Gozag.
   329 | D        | Found a hazy altar of Hepliaklqana.
   330 | D        | Found a viscous altar of Jiyva.
   331 | D        | Found an ancient bone altar of Kikubaaqudgha.
   332 | D        | Found a corrupted altar of Lugonu.
   333 | D        | Found a burning altar of Makhleb.
   334 | D        | Found a sparkling altar of Nemelex Xobeh.
   335 | D        | Found an iron altar of Okawaru.
   336 | D        | Found a stormy altar of Qazlal.
   338 | D        | Became a worshipper of Gozag Ym Sagoz the Greedy
   340 | D        | Found a sacrificial altar of Ru.
   341 | D        | Found a shimmering blue altar of Sif Muna.
   342 | D        | Found a bloodstained altar of Trog.
   343 | D        | Found a hide-covered altar of Uskayaw.
   344 | D        | Found a radiant altar of Vehumet.
   345 | D        | Found an ornate altar of the Wu Jian Council.
   346 | D        | Found a shimmering altar of Xom.
   347 | D        | Found a basalt altar of Yredelemnul.
   348 | D        | Found a glowing silver altar of Zin.
   349 | D        | Found a glowing golden altar of the Shining One.
   502 | D        | Noticed an acid dragon
   502 | D        | Noticed a killer bee
   507 | D        | Reached skill level 4 in Maces & Flails
   507 | D        | Reached XP level 4. HP: 32/32 MP: 4/4
   511 | D        | Reached skill level 5 in Maces & Flails
   511 | D        | Reached skill level 1 in Dodging
   511 | D        | Reached XP level 5. HP: 36/36 MP: 5/5
   525 | D        | Killed an acid dragon
   526 | D        | Reached skill level 7 in Maces & Flails
   526 | D        | Reached skill level 1 in Stealth
   526 | D        | Reached XP level 6. HP: 25/44 MP: 6/6
   764 | D        | Noticed a six-headed hydra
   764 | D        | Noticed a two-headed ogre
   764 | D        | Noticed a wraith
   764 | D        | Noticed a deep elf pyromancer
   764 | D        | Noticed a two-headed ogre
   764 | D        | Noticed a meliai
   774 | D        | Killed a meliai
   775 | D        | Reached skill level 8 in Maces & Flails
   775 | D        | Reached XP level 7. HP: 35/48 MP: 7/7
   779 | D        | Killed a two-headed ogre
   780 | D        | Reached skill level 10 in Maces & Flails
   780 | D        | Reached XP level 8. HP: 35/55 MP: 8/8
   783 | D        | Killed a deep elf pyromancer
   784 | D        | Reached skill level 11 in Maces & Flails
   784 | D        | Reached skill level 1 in Evocations
   788 | D        | Killed a wraith
   789 | D        | Reached skill level 5 in Dodging
   789 | D        | Reached skill level 5 in Stealth
   790 | D        | Killed a two-headed ogre
   791 | D        | Reached skill level 12 in Maces & Flails
   791 | D        | Reached skill level 10 in Armour
   791 | D        | Reached XP level 9. HP: 30/60 MP: 9/9
   794 | D        | Killed a six-headed hydra
   795 | D        | Reached skill level 13 in Maces & Flails
  1057 | D        | Noticed a cane toad
  1057 | D        | Noticed a black mamba
  1057 | D        | Noticed a komodo dragon
  1060 | D        | Noticed an elephant
  1067 | D        | Killed a komodo dragon
  1070 | D        | Noticed a cane toad
  1075 | D        | Killed a black mamba
  1076 | D        | Reached XP level 10. HP: 48/67 MP: 10/10
  1085 | D        | Killed a cane toad
  1086 | D        | Reached skill level 14 in Maces & Flails
  1097 | D        | Killed an elephant
  1098 | D        | Reached skill level 10 in Fighting
  1098 | D        | Reached skill level 10 in Shields
  1101 | D        | Killed a cane toad
  1232 | D        | Noticed an elephant
  1235 | D        | Noticed a cane toad
  1242 | D        | Killed an elephant
  1252 | D        | Reached skill level 15 in Maces & Flails
  1459 | D        | Killed a cane toad
  1517 | D        | Noticed a cane toad
  1526 | D        | Reached XP level 11. HP: 74/74 MP: 11/11
  1539 | D        | Reached skill level 16 in Maces & Flails
  1745 | D        | Noticed Josephine
  1756 | D        | Killed Josephine
  1805 | D        | Noticed Eustachio
  1839 | D        | Killed Eustachio
  1880 | D        | Noticed Grum
  1882 | D        | Noticed Harold
  1891 | D        | Killed Grum
  1896 | D        | Reached skill level 17 in Maces & Flails
  1919 | D        | Killed Harold
  1920 | D        | Reached skill level 1 in Unarmed Combat
  2023 | D        | Noticed an orc knight
  2191 | D        | Killed an orc knight
  2914 | D        | Found Kaydduz's General Store.
  2914 | D        | Noticed a two-headed ogre
  2914 | D        | Noticed a two-headed ogre
  2915 | D        | Noticed a two-headed ogre
  2921 | D        | Noticed an ogre mage
  2925 | D        | Killed a two-headed ogre
  2926 | D        | Reached skill level 1 in Throwing
  2926 | D        | Found Viugai's Armour Shop.
  2933 | D        | Killed a two-headed ogre
  2934 | D        | Found Hoyrr's General Store.
  2941 | D        | Killed a two-headed ogre
  2942 | D        | Reached XP level 12. HP: 68/84 MP: 12/12
  2949 | D        | Killed an ogre mage
  2950 | D        | Found Ymuvoczaonu's Magic Scroll Shop.
  2955 | D        | Noticed a two-headed ogre
  2967 | D        | Killed a two-headed ogre
  2968 | D        | Reached skill level 18 in Maces & Flails
  2968 | D        | Reached skill level 10 in Stealth
  3014 | D        | Bought a tin of tremorstones (2/2) for 440 gold pieces
  3014 | D        | Bought a scroll of identify for 22 gold pieces
  3014 | D        | Bought a scroll of summoning for 104 gold pieces
  3018 | D        | Bought a scroll of immolation for 38 gold pieces
  3022 | D        | Bought a scroll of enchant armour for 97 gold pieces
  3022 | D        | Bought a scroll of immolation for 45 gold pieces
  3022 | D        | Bought a scroll of magic mapping for 45 gold pieces
  3208 | D        | Noticed an ogre mage
  3208 | D        | Noticed a six-headed hydra
  3208 | D        | Noticed an eight-headed hydra
  3210 | D        | Killed an eight-headed hydra
  3210 | D        | Killed a six-headed hydra
  3212 | D        | Noticed a boulder beetle
  3213 | D        | Noticed a frost giant
  3214 | D        | Killed an ogre mage
  3216 | D        | Noticed a great orb of eyes
  3217 | D        | Noticed an ettin
  3218 | D        | Reached skill level 15 in Fighting
  3320 | D        | Noticed an ice dragon
  3320 | D        | Noticed a tengu reaver
  3322 | D        | Noticed a spriggan air mage
  3333 | D        | Killed a boulder beetle
  3717 | D        | Killed a frost giant
  3757 | D        | Killed a great orb of eyes
  3893 | D        | Killed an ettin
  3894 | D        | Reached skill level 5 in Evocations
  3898 | D        | Killed a tengu reaver
  4217 | D        | Killed an ice dragon
  4457 | D        | Bought a potion of curing for 36 gold pieces
  4463 | D        | Bought a +0 chain mail of fire resistance for 138 gold
                  | pieces
  4479 | D        | Killed a spriggan air mage
  4480 | D        | Reached skill level 19 in Maces & Flails
  4480 | D        | Reached skill level 10 in Dodging
  4480 | D        | Reached XP level 13. HP: 87/93 MP: 13/13
  4647 | D        | Noticed Rupert
  4655 | D        | Paralysed by Rupert for 2 turns
  4659 | D        | Killed Rupert
  4828 | D        | Noticed a spark wasp
  4832 | D        | Reached skill level 15 in Shields
  4855 | D        | Killed a spark wasp
  4868 | D        | Noticed a ghost moth
  4872 | D        | Killed a ghost moth
  5161 | D        | Bought a +2 helmet of see invisible for 279 gold pieces
  5161 | D        | Bought the +1 pair of boots of the Arcane {Int+8 Stlth+}
                  | for 469 gold pieces
  5167 | D        | Bought the +7 plate armour of the Comet {rCorr Int+5 Dex-4}
                  | for 945 gold pieces
  5197 | D        | Reached skill level 20 in Maces & Flails
  5447 | D        | Noticed an eleionoma
  5447 | D        | Noticed an eleionoma
  5447 | D        | Noticed a bunyip
  5447 | D        | Noticed an eleionoma
  5450 | D        | Killed an eleionoma
  5451 | D        | Noticed an eleionoma
  5457 | D        | Killed a bunyip
  5458 | D        | Gained mutation: Your large and strong wings let you fly.
                  | [Gargoyle growth]
  5458 | D        | Reached XP level 14. HP: 104/104 MP: 14/14
  5458 | D        | Killed an eleionoma
  5458 | D        | Killed an eleionoma
  5461 | D        | Killed an eleionoma
  5635 | D        | Noticed Snorg
  5653 | D        | Killed Snorg
  5742 | D        | Noticed Nessos
  5768 | D        | Killed Nessos
  5826 | D        | Noticed a frost giant
  5826 | D        | Noticed a fire giant
  5826 | D        | Noticed a frost giant
  5826 | D        | Noticed a lich
  5832 | D        | Killed a lich
  5833 | D        | Reached skill level 15 in Armour
  5833 | D        | Noticed a green very ugly thing
  5838 | D        | Killed a frost giant
  5840 | D        | Killed a fire giant
  5848 | D        | Paralysed by a great orb of eyes for 4 turns
  5864 | D        | Killed a frost giant
  6129 | D        | Bought a runed morningstar for 196 gold pieces
  6230 | D        | Reached skill level 21 in Maces & Flails
  6291 | D        | Killed a green very ugly thing
  6329 | D        | HP: 3/107 [spark wasp (7)]
  6329 | D        | Slain by a spark wasp

Illustrated notes

Levels and vault maps discovered:
D:        linesprint [early_d, line_temple, items_1, d_10, items_2, lair_1,
          lair_end, items_3, orc_1, orc_end, items_4, d_15, swamp_1, shoals_1,
          snake_1, spider_1, d_20, vaults_1, items_5, swamp_end, shoals_end,
          snake_end, spider_end, vaults_end, d_27, items_6, zot_1, zot_end,
          crypt_end, forest_end, elf_end, slime_end, tomb_end, abyss_end,
          pan_hell_end]

Skill      XL: |  1  2  3  4  5  6  7  8  9 10 11 12 13 14 |
---------------+-------------------------------------------+-----
Fighting       | 4 5 6 7 8 9 11 13 16 18 19 | 19.7
Armour         | 4 5 6 7 8 10 11 12 14 15 | 15.8
Shields        | 4 5 6 7 8 9 10 12 13 17 19 | 19.6
Maces & Flails | 3 4 5 7 8 10 12 13 15 17 19 20 21 | 21.1
Dodging        | 1 2 3 4 5 6 7 8 10 11 | 11.0
Stealth        | 1 2 4 6 7 8 9 12 13 14 | 14.2
Evocations     | 2 3 4 5 6 8 |  8.2
Unarmed Combat | 4 |  4.5
Throwing       | 1 |  1.5

Action                   |  1- 3 |  4- 6 |  7- 9 | 10-12 | 13-15 || total
-------------------------+-------+-------+-------+-------+-------++-------
Melee: Flail             |    32 |       |       |       |       ||    32
       Morningstar       |     3 |    26 |    24 |   403 |   260 ||   716
       Unarmed           |       |       |       |    23 |       ||    23
Throw: Throwing net      |       |       |       |     3 |       ||     3
Invok: Potion Petition   |       |       |       |     3 |     5 ||     8
       Call Merchant     |       |       |       |     2 |     2 ||     4
Evoke: Wand              |       |       |     9 |     1 |     1 ||    11
       Tin of tremorston |       |       |       |     4 |    19 ||    23
  Use: Potion            |     2 |     5 |     2 |     4 |     2 ||    15
       Scroll            |       |       |       |     3 |     4 ||     7
 Stab: Invisible         |       |     1 |     1 |     5 |       ||     7
       Distracted        |       |       |     1 |     2 |     4 ||     7
       Sleeping          |       |       |       |     2 |       ||     2
Armor: Scale mail        |    14 |       |       |       |       ||    14
       Ring mail         |     1 |    22 |     5 |   119 |       ||   147
       Chain mail        |       |       |       |     2 |    44 ||    46
       Plate armour      |       |       |       |       |   111 ||   111
Dodge: Dodged            |    15 |    25 |    19 |   132 |    58 ||   249
Block: Buckler           |     3 |    15 |     7 |    65 |       ||    90
       Tower shield      |       |       |       |    45 |   204 ||   249

Table legend: (Time is in decaauts)
 A = Elapsed time spent in this place.
 B = Non-inter-level travel time spent in this place.
 C = Inter-level travel time spent in this place.
 D = Time resting spent in this place.
 E = Time spent auto-exploring this place.
 F = Levels seen in this place.
 G = Mean time per level.
                   A        B        C        D        E       F      G
               +--------+--------+--------+--------+--------+-----+--------+
         Total |   6185 |   6185 |      0 |   3085 |   1044 |   1 | 6185.0 |
       Dungeon |   6185 |   6185 |      0 |   3085 |   1044 |   1 | 6185.0 |
               +--------+--------+--------+--------+--------+-----+--------+

Top non-repeatable levels by time:
       D: 6185 daAuts
